 Dungeon Crawl Stone Soup version 0.31-a0-7-g51783674b7 (webtiles) character file.

Game seed: 363759656765298861

125 cheesebisquit the Trooper (level 4, -14/42 HPs)
             Began as a Draconian Fire Elementalist on May 5, 2023.
             Killed by divine providence
             ... invoked by an orc priest
              (15 damage)
             ... on level 3 of the Dungeon.
             The game lasted 00:10:51 (2498 turns).

cheesebisquit the Trooper (DrFE)                    Turns: 2498, Time: 00:10:52

Health: -14/42     AC:  5    Str: 11    XL:     4   Next: 82%
Magic:  1/7        EV: 12    Int: 17    God:
Gold:   130        SH:  0    Dex: 17    Spells: 6/7 levels left

rFire   . . .        c - +0 short sword
rCold   . . .        (no shield)
rNeg    . . .        (body armour unavailable)
rPois   .            (helmet restricted)
rElec   .            (no cloak)
rCorr   .            (no gloves)
SInv    .            (no boots)
Will    .....        (no amulet)
Stlth   ++           b - +6 ring of dexterity
HPRegen 0.27/turn    (no ring)
MPRegen 0.10/turn

%: no passive effects
@: no status effects
A: AC +5, unfitting armour, cold-blooded
a: no special abilities


You were on level 3 of the Dungeon.
You visited 1 branch of the dungeon, and saw 3 of its levels.

You collected 130 gold pieces.

Inventory:

Hand Weapons
 c - a +0 short sword (weapon)
Missiles
 r - 3 poisoned darts
Armour
 j - a +0 pair of gloves
 o - a +0 buckler
Jewellery
 b - a +6 ring of dexterity (left hand)
 k - a +6 ring of strength
 p - an amulet of faith
 q - a +6 ring of strength
Scrolls
 e - 3 scrolls of identify {unknown}
 h - 3 scrolls of silence {unknown}
 l - a scroll of vulnerability {unknown}
 m - a scroll of fog {unknown}
Potions
 a - a potion of brilliance {unknown}
 d - a potion of might {unknown}
 f - 2 potions of curing {unknown}
 g - a potion of mutation {unknown}
 i - 2 potions of lignification {unknown}
 n - a potion of invisibility {unknown}


   Skills:
 + Level 5.0 Fighting
 - Level 1.7 Dodging
 - Level 1.7 Stealth
 - Level 2.0 Spellcasting
 - Level 1.0 Conjurations
 - Level 3.0 Fire Magic


You had 6 spell levels left.
You knew the following spells:

 Your Spells              Type           Power      Damage    Failure   Level
a - Foxfire               Conj/Fire      32%        2x1d5     9%          1

Your spell library contained the following spells:

 Spells                   Type           Power      Damage    Failure   Level
 Scorch                   Fire           22%        2d5       9%          2
 Necrotise                Necr           4%         1d4       19%         1
 Sting                    Tmut/Pois      4%         1d3       19%         1
 Poisonous Vapours        Pois/Air       2%         N/A       28%         2
 Inner Flame              Hex/Fire       6%         N/A       30%         3
 Volatile Blastmotes      Fire/Tloc      12%        2d11      30%         3
 Vampiric Draining        Necr           1%         2d6       50%         3
 Flame Wave               Conj/Fire      8%         2d5       63%         4
 Olgreb's Toxic Radiance  Pois           1%         N/A       88%         4
 Agony                    Necr           1%         N/A       99%         5


Dungeon Overview and Level Annotations

Branches:
Dungeon (3/15)

Altars:
Elyvilon

Shops:
D:1 :


Innate Abilities, Weirdness & Mutations

Your plain brown scales are hard. (AC +5)
You cannot fit into any form of body armour.
You are cold-blooded and may be slowed by cold attacks.


Message History

The foxfire hits the orc but does no damage.
The orc is lightly wounded.
The dart slug launches a dart at you.
The slug dart hits you but does no damage.
The orc priest calls down the wrath of Beogh upon you.
Beogh smites you!
You conjure some foxfire!
The foxfire hits the orc.
The orc is almost dead.
The foxfire hits the orc but does no damage.
The orc is almost dead.
An orc comes into view. It is wielding a +0 mace.
The dart slug launches a dart at you. The slug dart hits you.
You barely miss the orc.
The orc is almost dead.
The foxfire hits the orc but does no damage.
The orc is almost dead.
The foxfire hits the orc.
You kill the orc!
Your Fighting skill increases to level 5!
You conjure some foxfire!
The foxfire hits the orc.
The orc is severely wounded.
You completely miss the orc.
The orc is severely wounded.
The foxfire hits the orc.
You kill the orc!
The dart slug launches a dart at you. The slug dart hits you.
The orc priest calls down the wrath of Beogh upon you.
Beogh smites you! The dart slug launches a dart at you.
The slug dart misses you.
The orc priest casts a cantrip, but nothing happens.
Okay, then.
The orc priest invokes the aid of Beogh against you.
Beogh smites you!
* * * LOW HITPOINT WARNING * * *
The orc priest mumbles some strange prayers to Beogh against you.
Beogh smites you!
You die...

. .# ############.#..
#........[......
#................
#......<..)......
#......@........###
#..................
+...........§≈≈≈≈≈≈
#...........≈......
#.##...........≈.≈≈≈≈≈
#......)....o..§.≈...≈
#########.....o≈.≈._.≈
#......≈.....≈
#......≈.≈≈≈≈≈


You could see an orc priest and an orc.

Vanquished Creatures
  An adder (D:2)
  4 gnolls (D:2)
  2 worms (D:2)
  2 dart slugs
  3 orcs (D:3)
  7 ball pythons
  3 bats
  2 endoplasms
  2 giant cockroaches
  3 goblins
  7 hobgoblins
  4 jackals (D:1)
  4 quokkas
  A frilled lizard (D:1)
  10 kobolds
  3 rats
58 creatures vanquished.

Vanquished Creatures (others)
  183 foxfires
183 creatures vanquished.

Grand Total: 241 creatures vanquished

Notes
Turn   | Place    | Note
-------+----------+-------------------------------------------
     0 | D:1      | cheesebisquit the Draconian Fire Elementalist began the
                  | quest for the Orb.
     0 | D:1      | Reached XP level 1. HP: 14/14 MP: 3/3
   122 | D:1      | Reached skill level 1 in Fighting
   201 | D:1      | Reached XP level 2. HP: 24/24 MP: 1/5
   298 | D:1      | Reached skill level 2 in Fighting
   579 | D:1      | Found Qyetef's Book Boutique.
   737 | D:1      | Reached skill level 3 in Fighting
   737 | D:1      | Reached XP level 3. HP: 22/31 MP: 3/6
  1377 | D:2      | Reached skill level 4 in Fighting
  1606 | D:2      | Reached XP level 4. HP: 40/40 MP: 3/7
  2479 | D:3      | Found a white marble altar of Elyvilon.
  2489 | D:3      | Reached skill level 5 in Fighting
  2497 | D:3      | HP: 1/42 [orc priest/divine providence (14)]
  2498 | D:3      | Killed from afar by an orc priest

Illustrated notes

Levels and vault maps discovered:
D:1:      dpeg_arrival_snail, layout_loops_ring, serial_shops, shop
D:2:      layout_basic, grunt_decor_cap, minmay_misc_feat_hallway
D:3:      layout_basic, mainiacjoe_overflow_concentric_impassable, uniq_natasha

Skill      XL: |  1  2  3  4 |
---------------+-------------+-----
Fighting       | 1 3 4 5 |  5.0
Dodging        | |  1.7
Stealth        | |  1.7
Spellcasting   | |  2.0
Conjurations   | |  1.0
Fire Magic     | |  3.0

Action                     |  1- 3 |  4- 6 || total
---------------------------+-------+-------++-------
  Melee: Short sword       |    46 |    24 ||    70
         Tailslap          |     4 |     3 ||     7
         Unarmed           |     1 |       ||     1
         Punch             |       |     1 ||     1
   Cast: Foxfire           |    58 |    48 ||   106
    Use: Potion            |       |     1 ||     1
 Armour: Skin              |    17 |    10 ||    27
  Dodge: Dodged            |    30 |    13 ||    43

Table legend: (Time is in decaauts)
 A = Elapsed time spent in this place.
 B = Non-inter-level travel time spent in this place.
 C = Inter-level travel time spent in this place.
 D = Time resting spent in this place.
 E = Time spent auto-exploring this place.
 F = Levels seen in this place.
 G = Mean time per level.
                   A        B        C        D        E       F      G
               +--------+--------+--------+--------+--------+-----+--------+
         Total |   2497 |   2367 |    130 |     17 |   1922 |   3 |  832.3 |
       Dungeon |   2497 |   2367 |    130 |     17 |   1922 |   3 |  832.3 |
               +--------+--------+--------+--------+--------+-----+--------+

Top non-repeatable levels by time:
     D:1: 1302 daAuts
     D:2: 1093 daAuts
     D:3: 100 daAuts
